 Dungeon Crawl Stone Soup version 0.31.0-2-g5a2aebc5c2 (webtiles) character file.

Game seed: 7454377096798530415

30 Arctor the Shooter (level 3, -1/21 HPs)
             Began as a Kobold Hexslinger on Jan 20, 2024.
             Succumbed to an orc's poison
             ... on level 2 of the Dungeon.
             The game lasted 00:00:28 (954 turns).

Arctor the Shooter (Kobold Hexslinger)               Turns: 954, Time: 00:00:29

Health: -1/21      AC:  2    Str:  5    XL:     3   Next: 37%
Magic:  5/5        EV: 15    Int: 14    God:
Gold:   35         SH:  0    Dex: 19    Spells: 4/4 levels left

rFire   . . .        a - +1 sling
rCold   . . .        (no shield)
rNeg    . . .        c - +0 robe
rPois   .            (no helmet)
rElec   .            (no cloak)
rCorr   .            (no gloves)
SInv    .            (no boots)
Will    .....        (no amulet)
Stlth   +++          (no ring)
HPRegen 0.23/turn    (no ring)
MPRegen 0.09/turn

%: no passive effects
@: lethally poisoned (-1 -> -12)
A: small, no large weapons, nightstalker 3
a: no special abilities


You were on level 2 of the Dungeon.
You visited 1 branch of the dungeon, and saw 2 of its levels.

You collected 35 gold pieces.

Inventory:

Hand Weapons
 a - a +1 sling (weapon)
Armour
 c - a +0 robe (worn)
Scrolls
 b - a scroll of poison
 g - a scroll of immolation {unknown}
 j - a scroll of torment {unknown}
 k - a scroll of vulnerability {unknown}
Potions
 d - a potion of lignification {unknown}
 e - 2 potions of heal wounds {unknown}
 f - a potion of brilliance {unknown}
 h - a potion of haste {unknown}
 i - a potion of might {unknown}


   Skills:
 + Level 1.8 Fighting
 + Level 3.2 Ranged Weapons
 + Level 2.8 Dodging
 + Level 1.3 Spellcasting
 + Level 3.1 Hexes
 + Level 1.4 Fire Magic


You had 4 spell levels left.
You didn't know any spells.
Your spell library contained the following spells:

 Spells                   Type           Power      Damage    Failure   Level
 Jinxbite                 Hex            18%        N/A       11%         2
 Sigil of Binding         Hex            9%         N/A       21%         3
 Inner Flame              Hex/Fire       7%         N/A       30%         3
 Cause Fear               Hex            4%         N/A       56%         4
 Dimensional Bullseye     Hex/Tloc       2%         N/A       78%         4


Dungeon Overview and Level Annotations

Branches:
Dungeon (2/15)

Altars:


Innate Abilities, Weirdness & Mutations

You are small and have problems with some larger weapons.
You are completely attuned to the shadows.


Message History

There are monsters nearby!
You are too injured to fight recklessly!
There are monsters nearby!
Unknown command.
You don't know any spells.
Sorry, you're not good enough to have a special ability.
Found 12 gold pieces.
Found a stone staircase leading down.
The orc closely misses you. The orc misses you.
The orc priest barely misses you.
You shoot a sling bullet.
The sling bullet barely misses the orc priest.
The orc hits you with a +0 dagger. The orc closely misses you.
The orc priest misses you.
You shoot a sling bullet.
The sling bullet barely misses the orc priest.
The orc misses you. The orc hits you but does no damage.
The orc priest calls down the wrath of Beogh upon you.
You barely resist. You shoot a sling bullet.
The sling bullet barely misses the orc priest.
The orc priest misses you. The orc hits you with a +0 dagger.
* * * LOW HITPOINT WARNING * * *
The orc misses you.
The orc priest looks encouraged for a moment.
The orc barely misses you. x2
You shoot a sling bullet.
The sling bullet completely misses the orc priest.
The orc barely misses you. The orc completely misses you.
The orc priest looks braver for a moment.
You shoot a sling bullet. The sling bullet hits the orc priest.
The orc priest is lightly wounded.
The orc closely misses you.
The orc hits you with a +1 dagger of venom.
* * * LOW HITPOINT WARNING * * *
You are lethally poisoned!
The orc priest misses you.
You shoot a sling bullet.
The sling bullet hits the orc priest but does no damage.
The orc priest is lightly wounded.
You die...

##.#.........#+##+##
##.#.###..##
...#.###..##.#.
................
................ ..>
##.[......[....###...
######.............$
............oo..$.
.......#..)..@o...
......###.##......
......# #.###.....
..# #.#... ....
......


You could see an orc priest and 2 orcs.

Vanquished Creatures
  An orc (D:2)
  3 endoplasms
  2 goblins
  5 hobgoblins
  3 kobolds
  4 ball pythons (D:1)
  2 bats (D:1)
  A frilled lizard (D:2)
  4 rats
25 creatures vanquished.

Notes
Turn   | Place    | Note
-------+----------+-------------------------------------------
     0 | D:1      | Arctor the Kobold Hexslinger began the quest for the Orb.
     0 | D:1      | Reached XP level 1. HP: 12/12 MP: 2/2
     4 | D:1      | Noticed an electric eel
     7 | D:1      | Noticed an electric eel
   234 | D:1      | Reached XP level 2. HP: 16/16 MP: 3/3
   693 | D:1      | Reached XP level 3. HP: 20/20 MP: 4/4
   954 | D:2      | Succumbed to an orc's poison

Illustrated notes

Levels and vault maps discovered:
D:1:      arrival_aquarium_b, layout_loops_ring, nrook_mini_backslash,
          serial_park_tiny_1
D:2:      layout_basic, basic_altar, chequers_serial_rivers_room_a

Skill      XL: |  1  2 |
---------------+-------+-----
Ranged Weapons | 3 |  3.2
Fighting       | |  1.8
Dodging        | |  2.8
Spellcasting   | |  1.3
Hexes          | |  3.1
Fire Magic     | |  1.4

Action                     || total
---------------------------++-------
   Fire: Sling             ||    68
 Armour: Robe              ||    19
  Dodge: Dodged            ||    42
